 Dungeon Crawl Stone Soup version 0.30-a0-939-gc8157cb160 (webtiles) character file.

Game seed: 16793685437556224026

60 senseless the Trooper (level 4, 0/37 HPs)
             Began as a Human Monk on Mar 25, 2023.
             Slain by Sigmund
             ... wielding a +0 scythe
              (4 damage)
             ... on level 3 of the Dungeon.
             The game lasted 00:04:19 (1898 turns).

senseless the Trooper (Human Monk)                  Turns: 1898, Time: 00:04:20

Health: 0/37       AC:  5    Str: 19    XL:     4   Next: 24%
Magic:  4/4        EV: 13    Int: 10    God:
Gold:   95         SH:  0    Dex: 16    Spells: 3/3 levels left

rFire   . . .      SeeInvis .    a - +0 mace
rCold   . . .      Faith    .    (no shield)
rNeg    . . .      Spirit   .    b - +0 robe
rPois   .          Reflect  .    (no helmet)
rElec   .          Rampage  .    k - +2 cloak
rCorr   .                        (no gloves)
Will    +....                    (no boots)
Stlth   ++                       (no amulet)
HPRegen 0.26/turn                m - +6 ring of strength
MPRegen 0.09/turn                r - ring of willpower

@: no status effects
A: no striking features
a: no special abilities


You were on level 3 of the Dungeon.
You visited 1 branch of the dungeon, and saw 3 of its levels.

You collected 95 gold pieces.

Inventory:

Hand Weapons
 a - a +0 mace (weapon)
 j - a +0 dagger of protection
Missiles
 l - 5 boomerangs (quivered)
Armour
 b - a +0 robe (worn)
 k - a +2 cloak (worn)
Jewellery
 g - an amulet of magic regeneration
 m - a +6 ring of strength (left hand)
 r - a ring of willpower (right hand)
 u - a ring of positive energy
Scrolls
 f - a scroll of identify {unknown}
 i - a scroll of amnesia {unknown}
 n - a scroll of magic mapping {unknown}
 p - a scroll of acquirement {unknown}
 q - a scroll of noise {unknown}
 t - a scroll of blinking {unknown}
 w - 2 scrolls of poison {unknown}
 x - a scroll of brand weapon {unknown}
Potions
 c - a potion of ambrosia
 d - a potion of might {unknown}
 e - 2 potions of magic {unknown}
 h - a potion of curing {unknown}
 o - a potion of flight {unknown}
 s - a potion of lignification {unknown}
 v - 2 potions of haste {unknown}


   Skills:
 + Level 3.6 Fighting
 + Level 3.6 Maces & Flails
 + Level 3.6 Dodging
 - Level 2.0 Stealth


You had 3 spell levels left.
You didn't know any spells.
Your spell library contained the following spells:

 Spells                   Type           Power      Damage    Failure   Level
 Sting                    Tmut/Pois      0%         1d3       36%         1
 Blink                    Tloc           0%         N/A       50%         2
 Lesser Beckoning         Tloc           0%         N/A       50%         2
 Momentum Strike          Conj/Tloc      0%         3d8       50%         2
 Poisonous Vapours        Pois/Air       0%         N/A       50%         2
 Sublimation of Blood     Necr           0%         N/A       50%         2
 Olgreb's Toxic Radiance  Pois           0%         N/A       98%         4
 Petrify                  Tmut/Erth      0%         N/A       98%         4
 Irradiate                Conj/Tmut      0%         3d11      100%        5


Dungeon Overview and Level Annotations

Branches:
Dungeon (3/15)

Altars:

Annotations:
D:3 Sigmund


Message History

You see here a scroll labelled MUM WAASASOH.
You miss the frilled lizard. The frilled lizard bites you.
The frilled lizard misses you.
You completely miss the frilled lizard.
The frilled lizard bites you but does no damage.
You sock the frilled lizard!
You kill the frilled lizard!
x - a scroll labelled MUM WAASASOH
There is a stone staircase leading up here.
You climb upwards.
There is a stone staircase leading down here.
HP restored.
There is an open door here.
There is a stone staircase leading down here.
You climb downwards.
Found a whip.
There is a stone staircase leading up here.
The helpless Sigmund fails to defend himself.
You hit Sigmund.
Sigmund is lightly wounded.
Sigmund completely misses you.
You closely miss Sigmund.
Sigmund is lightly wounded.
Sigmund casts a spell.
Sigmund flickers and vanishes!
Deactivating autopickup; reactivate with Ctrl-A.
You miss something. Something hits you.
You barely miss something. You thump something!
Something hits you but does no damage.
You closely miss something. Something completely misses you.
You miss something. Something hits you but does no damage.
You closely miss something. Something hits you!
You barely miss something. Something hits you.
You barely miss something. You closely miss something. Something hits you!
You closely miss something. Something hits you but does no damage.
You sock something! Something hits you!
* * * LOW HITPOINT WARNING * * *
You hit something. Something hits you.
You die...

###
#..
#.####
.....#
#....#
#....#
#@{..#
####)#


There were no monsters in sight!

Vanquished Creatures
  2 adders (D:2)
  2 dart slugs (D:1)
  An orc (D:2)
  3 bats (D:1)
  2 endoplasms
  2 giant cockroaches
  6 goblins
  2 hobgoblins
  2 jackals (D:1)
  5 kobolds
  A quokka (D:2)
  4 ball pythons
  2 frilled lizards
  A rat (D:1)
35 creatures vanquished.

Notes
Turn   | Place    | Note
-------+----------+-------------------------------------------
     0 | D:1      | senseless the Human Monk began the quest for the Orb.
     0 | D:1      | Reached XP level 1. HP: 18/18 MP: 1/1
   259 | D:1      | Reached XP level 2. HP: 24/24 MP: 2/2
   672 | D:1      | Reached XP level 3. HP: 24/29 MP: 3/3
   694 | D:1      | Found a faded altar of an unknown god.
  1535 | D:2      | Reached XP level 4. HP: 36/36 MP: 4/4
  1884 | D:3      | Noticed Sigmund
  1898 | D:3      | Slain by Sigmund

Illustrated notes

Levels and vault maps discovered:
D:1:      zelgadis_glass_arrival_small, layout_loops_corners,
          ebering_ecumenical_altar_abandoned
D:2:      layout_basic, grunt_ministairs_13, wad_floor_pattern_untrapped
D:3:      layout_basic, minmay_quadrilaterals, uniq_ijyb, uniq_sigmund,
          uniq_jessica

Action                     |  1- 3 |  4- 6 || total
---------------------------+-------+-------++-------
  Melee: Mace              |   114 |    24 ||   138
         Punch             |     2 |       ||     2
   Stab: Sleeping          |     9 |     1 ||    10
 Armour: Robe              |    35 |     8 ||    43
  Dodge: Dodged            |    88 |     7 ||    95

Table legend: (Time is in decaauts)
 A = Elapsed time spent in this place.
 B = Non-inter-level travel time spent in this place.
 C = Inter-level travel time spent in this place.
 D = Time resting spent in this place.
 E = Time spent auto-exploring this place.
 F = Levels seen in this place.
 G = Mean time per level.
                   A        B        C        D        E       F      G
               +--------+--------+--------+--------+--------+-----+--------+
         Total |   1929 |   1804 |    125 |     38 |   1381 |   3 |  643.0 |
       Dungeon |   1929 |   1804 |    125 |     38 |   1381 |   3 |  643.0 |
               +--------+--------+--------+--------+--------+-----+--------+

Top non-repeatable levels by time:
     D:1: 1135 daAuts
     D:2: 763 daAuts
     D:3: 30 daAuts
